 Dungeon Sprint DCSS version 0.24.1-8-ga250c9d538 (webtiles) character file.

Game seed: 6442619766323668259, levelgen mode: deterministic

18018 Atelerd the Fighter (level 12, -10/84 HPs)
             Began as a Gargoyle Fighter on May 7, 2020.
             Was a High Priest of Makhleb.
             Killed from afar by a crystal guardian (48 damage)
             ... with a crystal bolt
             ... in the Dungeon (Sprint V: "Ziggurat Sprint").
             The game lasted 00:06:16 (856 turns).

Atelerd the Fighter (Gargoyle Fighter)               Turns: 856, Time: 00:06:16

Health: -10/84     AC: 41    Str: 38    XL:     12   Next: 54%
Magic:  21/21      EV:  9    Int:  6    God:    Makhleb [*****.]
Gold:   0          SH: 38    Dex: 13    Spells: 11/11 levels left

rFire    . . .     SeeInvis +   I - +14 obsidian axe {chop, +Fly SInv *Curse} (curse)
rCold    . . .     Gourm    .   K - +18 shield of the Gong {rElec rN+ MR+ EV-5}
rNeg     + + .     Faith    .   J - +15 Maxwell's patent armour {-Cast -Tele rElec MR+ rCorr}
rPois    ∞         Spirit   .   (no helmet)
rElec    +         Reflect  +   (no cloak)
rCorr    +         Harm     .   T - +3 pair of gauntlets of War {Slay+5}
MR       ++...     NoTele   +   S - +0 pair of boots of Nihilism {Dex+4} Stlth ..........NoCast +
                                u - +5 amulet of reflection
HPRegen  0.24/turn              E - +6 ring of strength
MPRegen  0.17/turn              F - +6 ring of strength

@: mesmerised
A: deformed body, dopey 1, negative energy resistance 1, electricity resistance,
unbreathing, petrification resistance, rot immunity, AC +8
a: Minor Destruction, Lesser Servant of Makhleb, Major Destruction, Greater
Servant of Makhleb, Renounce Religion, Evoke Flight


You were in the Dungeon.
You worshipped Makhleb.
Makhleb was extremely pleased with you.
You were not hungry.

You visited 1 branch

Inventory:

Hand Weapons
 a - a +0 war axe
 H - the +9 heavy crossbow "Sniper" {velocity, Acc+∞ SInv}
   (You found it in the Dungeon)

   Any bolt fired from it inflicts extra damage.
   It lets you see invisible.
 I - the cursed +14 obsidian axe (weapon) {chop, +Fly SInv *Curse}
   (You found it in the Dungeon)

   It inflicts extra damage upon your enemies.
   It lets you see invisible.
   It lets you fly.
   It curses itself when equipped.
   It has a curse placed upon it.
Armour
 b - a +0 scale mail
 c - a +0 shield
 J - the +15 Maxwell's patent armour (worn) {-Cast -Tele rElec MR+ rCorr}
   (You found it in the Dungeon)

   It insulates you from electricity.
   It affects your resistance to hostile enchantments.
   It prevents spellcasting.
   It prevents most forms of teleportation.
   It provides partial protection from all sources of acid and corrosion.
 K - the +18 shield of the Gong (worn) {rElec rN+ MR+ EV-5}
   (You found it in the Dungeon)

   It affects your evasion (-5).
   It insulates you from electricity.
   It protects you from negative energy.
   It affects your resistance to hostile enchantments.
 S - the +0 pair of boots of Nihilism (worn) {Dex+4}
   (You found it in the Dungeon)

   It affects your dexterity (+4).
 T - the +3 pair of gauntlets of War (worn) {Slay+5}
   (You found it in the Dungeon)

   It affects your accuracy and damage with ranged weapons and melee attacks
   (+5).
Jewellery
 u - a +5 amulet of reflection (around neck)
 z - an uncursed ring of flight
 A - a +6 ring of dexterity
 B - a +6 ring of dexterity
 C - a +6 ring of intelligence
 D - a +6 ring of intelligence
 E - a +6 ring of strength (left hand)
 F - a +6 ring of strength (right hand)
 L - the amulet "Pal Ohopp" {Gourm rF+ Int+5}
   (You found it in the Dungeon)

   [amulet of the gourmand]

   It allows you to eat raw meat even when not hungry.
   It affects your intelligence (+5).
   It protects you from fire.
 M - an uncursed amulet of the acrobat
 N - an uncursed ring of resist corrosion
 Q - the ring of Gelitwor {Ice rPois Str+3}
   (You found it in the Dungeon)

   [ring of ice]

   It enhances your ice magic.
   It affects your strength (+3).
   It makes you vulnerable to fire.
   It protects you from cold.
   It protects you from poison.
 R - an uncursed ring of protection from magic
 U - an uncursed ring of magical power
 V - an uncursed ring of wizardry
 W - a cursed ring of ice
 X - an uncursed ring of protection from magic
 Y - a +4 ring of dexterity
 Z - a +3 ring of evasion
Wands
 w - a wand of disintegration (7)
 x - a wand of iceblast (5)
 y - a wand of acid (7)
Scrolls
 k - 4 scrolls of blinking
 l - 4 scrolls of amnesia
 m - 7 scrolls of fog
 n - a scroll of holy word
 o - 5 scrolls of identify
 p - 5 scrolls of remove curse
 q - 2 scrolls of fear
 O - 4 scrolls of enchant weapon
Potions
 d - 6 potions of might
 e - 10 potions of curing
 g - 5 potions of heal wounds
 h - 9 potions of haste
 i - 7 potions of magic
 j - 2 potions of berserk rage
 r - 2 potions of brilliance
 s - 2 potions of invisibility
 t - 4 potions of resistance
 v - 5 potions of agility
Miscellaneous
 G - a lightning rod (4/4)
 P - a phantom mirror
Comestibles
 f - 7 rations


   Skills:
 + Level 13.4 Fighting
 + Level 11.4 Axes
 + Level 13.4 Armour
 + Level 10.4 Dodging
 + Level 13.4 Shields
 + Level 13.0 Invocations
 + Level 11.1 Evocations


You had 11 spell levels left.
You didn't know any spells.
Your spell library contained the following spells:

 Spells                   Type           Power        Failure   Level  Hunger
 Beastly Appendage        Tmut           #.....       94%         1    ##.....
 Infusion                 Chrm           #...         94%         1    ##.....
 Corpse Rot               Necr           N/A          98%         2    ###....
 Passwall                 Tmut/Erth      #.......     98%         2    ###....
 Shroud of Golubria       Chrm/Tloc      #.....       98%         2    ###....
 Song of Slaying          Chrm           #.......     98%         2    ###....
 Regeneration             Chrm/Necr      #.........   100%        3    ####...
 Spectral Weapon          Hex/Chrm       #.......     100%        3    ####...
 Teleport Other           Tloc           #.......     100%        3    ####...
 Petrify                  Tmut/Erth      #.......     100%        4    #####..
 Excruciating Wounds      Chrm/Necr      #.........   100%        5    ######.
 Hydra Form               Tmut           #.........   100%        6    #######
 Malign Gateway           Summ/Tloc      #.........   100%        7    #######
 Statue Form              Tmut/Erth      Unusable     N/A         6    N/A

Dungeon Overview and Level Annotations

Branches:
Dungeon (1/1)

Altars:
Ashenzari
Cheibriados
Dithmenos
Elyvilon
Fedhas
Gozag
Hepliaklqana
Kikubaaqudgha
Makhleb
Nemelex Xobeh
Okawaru
Qazlal
Ru
Sif Muna
Trog
Uskayaw
Vehumet
Wu Jian
Xom
Yredelemnul
Zin
The Shining One
Beogh
Jiyva
Lugonu

Annotations:
D 1 transporter


Innate Abilities, Weirdness & Mutations

You are resistant to torment.
Your stone body is resilient. (AC +8)
You are immune to poison.
You resist negative energy. (rN+)
You are resistant to electric shocks. (rElec)
You can survive without breathing.
You are immune to petrification.
You are immune to rotting.
Armour fits poorly on your strangely shaped body.
You are dopey. (Int -2)


Message History

The iron dragon tramples your blizzard demon.
Your blizzard demon holds its ground!
Your blizzard demon hits the crystal guardian but does no damage.
Your blizzard demon hits the crystal guardian.
Your blizzard demon waves its arms in wide circles.
The air twists around and strikes the crystal guardian.
You cannot move away from the iron dragon!
Unknown command.
You cannot move away from the iron dragon!
Unknown command.
You feel much better.
Visions of slaying the crystal guardian flood into your mind.
Your Executioner barely misses the iron dragon.
Your Executioner hits the iron dragon but does no damage. x2
The crystal guardian fires a crystalline bolt at you.
The crystal bolt freezes the crystal guardian.
The crystal guardian completely resists.
The crystal bolt freezes you!!!
Ouch! That really hurt!
You die...

▓........▓.
▓....8©8....▓..)()...▓.
▓..==})==)..▓.▓.(..▓.▓.
▓...|[|=))..▓...©....▓.
▓...........▓▓▓▓▓▓▓▓▓▓▓
▓....D88....▓...8©8...▓
▓...8898E...▓..[.[|...▓
▓...8D88D...▓.....)...▓
▓12@2.▓ ▓.........▓
▓▓244▓▓ ▓.........▓
▓..▓.....▓..▓....))...▓
▓.....©.....▓......†..▓
▓▓▓▓▓▓▓▓▓▓▓▓▓.▓.....▓.▓
▓....8©8....▓....©....▓
▓...))..}}..▓▓▓▓▓▓▓▓▓▓▓
▓...)=?}....▓...8©8...▓
▓...........▓..)".)|..▓


You could see 5 iron golems, 3 iron dragons, 3 crystal guardians, an earth
elemental, a gargoyle, a friendly balrug, a friendly Executioner, 2 friendly
blizzard demons and 2 friendly rust devils.

Vanquished Creatures
  A very ugly thing (D)
  A crystal guardian (D)
  A hydra (D)
  3 two-headed ogres (D)
  3 iron golems (D)
  A cyclops (D)
  A worldbinder (D)
  A black mamba (D)
  2 spiny frogs (D)
  A gargoyle (D)
  A rime drake (D)
  3 yaktaurs (D)
  An ancient zyme (D)
  3 merfolk (D)
  A hornet (shapeshifter) (D)
  A blink frog (D)
  A hippogriff (D)
  An air elemental (D)
  A spriggan (D)
  A yak (D)
  3 nagas (D)
  3 water moccasins (D)
  2 small abominations (D)
  A wolf (D)
  2 centaurs (D)
  A bullfrog (D)
  2 earth elementals (D)
  2 crimson imps (D)
  An orc wizard (D)
  3 shadow imps (D)
  A white imp (D)
  An ufetubus (D)
  2 orcs (D)
  A ball python (D)
54 creatures vanquished.

Vanquished Creatures (collateral kills)
  An ironheart preserver (D)
  A green death (D)
  2 crystal guardians (D)
  A yaktaur captain (D)
  5 vault guards (D)
  2 black mambas (D)
  A merfolk (D)
  A hippogriff (D)
  A large abomination (D)
  2 neqoxecs (D)
  2 nagas (D)
  A water moccasin (D)
  2 orc warriors (D)
  A centaur (D)
  A crocodile (D)
  An earth elemental (D)
  A small abomination (D)
  An iron imp (D)
  An orc wizard (D)
  2 quasits (D)
  An adder (D)
31 creatures vanquished.

Vanquished Creatures (others)
  Nessos (D)
  Snorg (D)
  Erolcha (D)
  Joseph (D)
  Psyche (D)
  Eustachio (D)
  Edmund (D)
  2 insubstantial wisps (D)
9 creatures vanquished.

Grand Total: 94 creatures vanquished

Notes
Turn   | Place    | Note
-------+----------+-------------------------------------------
     0 | D        | Atelerd the Gargoyle Fighter began the quest for the Orb.
     0 | D        | Reached XP level 1. HP: 14/14 MP: 1/1
     0 | D        | Found a blossoming altar of Fedhas.
     1 | D        | Found the +6 Majin-Bo {vamp, Archmagi MP+6 Int+6}
     1 | D        | Found the +7 great mace "Firestarter" {inner flame, rF++}
     1 | D        | Found a transporter.
     1 | D        | Found a viscous altar of Jiyva.
     1 | D        | Found an ancient bone altar of Kikubaaqudgha.
     1 | D        | Found a hazy altar of Hepliaklqana.
     1 | D        | Found a corrupted altar of Lugonu.
     1 | D        | Found an opulent altar of Gozag.
     1 | D        | Found a burning altar of Makhleb.
     5 | D        | Found a stormy altar of Qazlal.
     5 | D        | Found an iron altar of Okawaru.
     5 | D        | Found a sacrificial altar of Ru.
     5 | D        | Found a sparkling altar of Nemelex Xobeh.
     5 | D        | Found a shimmering blue altar of Sif Muna.
     5 | D        | Found a bloodstained altar of Trog.
    28 | D        | Found the +9 heavy crossbow "Sniper" {velocity, Acc+∞ SInv}
    28 | D        | Found the +10 dark maul {crush}
    28 | D        | Found the +15 Maxwell's patent armour {-Cast -Tele rElec
                  | MR+ rCorr}
    28 | D        | Found the +18 shield of the Gong {rElec rN+ MR+ EV-5}
    28 | D        | Found the cursed +14 obsidian axe {chop, +Fly SInv *Curse}
    51 | D        | Found the +6 shillelagh "Devastator" {shatter}
    51 | D        | Found the +11 plutonium sword {*Contam Stlth-}
    51 | D        | Found the +8 lance "Wyrmbane" {slay drac, rPois rF+ rC+
                  | AC+3}
    51 | D        | Found the +9 sword of Zonguldrok {reap}
    51 | D        | Found the cursed +13 scythe of Curses {drain, *Curse}
    51 | D        | Found the +0 sword of Power
    51 | D        | Found the +7 mace of Variability {chain chaos}
    51 | D        | Found the +7 Singing Sword {slice, sonic wave}
    51 | D        | Found the +8 storm bow {elec, penet}
    54 | D        | Became a worshipper of Makhleb the Destroyer
    60 | D        | Reached XP level 2. HP: 20/20 MP: 2/4
    64 | D        | Entered arena 2.
    64 | D        | Noticed a wolf
    64 | D        | Noticed a spriggan
    64 | D        | Found a transporter.
    67 | D        | Killed a spriggan
    67 | D        | Reached skill level 5 in Fighting
    67 | D        | Reached skill level 5 in Armour
    67 | D        | Reached skill level 5 in Shields
    67 | D        | Reached XP level 3. HP: 27/27 MP: 2/6
    67 | D        | Reached XP level 4. HP: 32/32 MP: 2/7
    67 | D        | Reached XP level 5. HP: 36/36 MP: 2/8
    67 | D        | Killed a wolf
    67 | D        | Reached skill level 5 in Invocations
    67 | D        | Reached XP level 6. HP: 42/42 MP: 2/9
   111 | D        | Killed Edmund
   118 | D        | Entered arena 3.
   118 | D        | Noticed an insubstantial wisp
   118 | D        | Noticed an insubstantial wisp
   118 | D        | Noticed an air elemental
   118 | D        | Found a transporter.
   121 | D        | Killed an insubstantial wisp
   121 | D        | Killed an insubstantial wisp
   122 | D        | Killed an air elemental
   122 | D        | Reached * piety under Makhleb
   122 | D        | Reached skill level 5 in Axes
   128 | D        | Got the amulet "Pal Ohopp" {Gourm rF+ Int+5}
   229 | D        | Entered arena 4.
   229 | D        | Noticed a merfolk
   229 | D        | Noticed a merfolk
   229 | D        | Noticed a merfolk
   229 | D        | Noticed a merfolk
   229 | D        | Found a transporter.
   230 | D        | Identified the +4 morningstar "Usott" {freeze, *Corrode
                  | MP+9 Stlth+}
   235 | D        | Killed a merfolk
   235 | D        | Reached skill level 5 in Evocations
   235 | D        | Reached XP level 7. HP: 47/48 MP: 11/11
   241 | D        | Killed a merfolk
   241 | D        | Reached skill level 5 in Dodging
   243 | D        | Killed a merfolk
   243 | D        | Reached ** piety under Makhleb
   243 | D        | Reached XP level 8. HP: 54/54 MP: 11/13
   246 | D        | Killed a merfolk
   259 | D        | Got the Almanac of Transmutation
   262 | D        | Entered arena 5.
   262 | D        | Noticed a two-headed ogre
   262 | D        | Noticed a two-headed ogre
   262 | D        | Noticed a cyclops
   262 | D        | Noticed a two-headed ogre
   262 | D        | Found a transporter.
   266 | D        | Killed a two-headed ogre
   266 | D        | Reached XP level 9. HP: 50/60 MP: 13/15
   267 | D        | Killed a two-headed ogre
   267 | D        | Reached *** piety under Makhleb
   270 | D        | Killed a cyclops
   270 | D        | Killed a two-headed ogre
   270 | D        | Reached skill level 10 in Fighting
   270 | D        | Reached skill level 10 in Armour
   270 | D        | Reached skill level 10 in Shields
   270 | D        | Reached XP level 10. HP: 68/68 MP: 13/17
   291 | D        | Entered arena 6.
   291 | D        | Found a transporter.
   294 | D        | Reached **** piety under Makhleb
   311 | D        | Entered arena 7.
   311 | D        | Noticed a black mamba
   312 | D        | Found a transporter.
   313 | D        | Killed Erolcha
   314 | D        | Killed a black mamba
   314 | D        | Reached skill level 10 in Invocations
   314 | D        | Reached ***** piety under Makhleb
   334 | D        | Entered arena 8.
   335 | D        | Identified the +4 falchion "Sutsalep" {venom, rC- rN+
                  | Int+4}
   335 | D        | Found a transporter.
   342 | D        | Reached ****** piety under Makhleb
   347 | D        | Got the ring of Gelitwor {Ice rPois Str+3}
   355 | D        | Entered arena 9.
   355 | D        | Noticed a black mamba
   355 | D        | Noticed a black mamba
   356 | D        | Found the +3 pair of gauntlets of War {Slay+5}
   356 | D        | Found a transporter.
   360 | D        | Killed a black mamba
   363 | D        | Killed a black mamba
   371 | D        | Got the +0 pair of boots of Nihilism {Dex+4}
   381 | D        | Killed Snorg
   392 | D        | Entered arena 10.
   393 | D        | Found a transporter.
   399 | D        | Reached XP level 11. HP: 74/74 MP: 17/19
   415 | D        | Entered arena 11.
   415 | D        | Noticed a vault guard
   415 | D        | Noticed a vault guard
   415 | D        | Noticed an ironheart preserver
   415 | D        | Noticed a yaktaur captain
   415 | D        | Noticed a vault guard
   415 | D        | Noticed a vault guard
   415 | D        | Noticed a vault guard
   416 | D        | Found the +7 Kryia's mail coat {PotionHeal*2 rC+}
   416 | D        | Found a transporter.
   421 | D        | Killed an ironheart preserver
   422 | D        | Killed a vault guard
   424 | D        | Killed a vault guard
   425 | D        | Killed a vault guard
   425 | D        | Reached skill level 10 in Axes
   426 | D        | Killed a vault guard
   429 | D        | Killed a yaktaur captain
   431 | D        | Killed a vault guard
   431 | D        | Reached skill level 10 in Evocations
   498 | D        | Killed Psyche
   660 | D        | Entered arena 12.
   660 | D        | Noticed a crystal guardian
   660 | D        | Noticed an iron golem
   660 | D        | Noticed an iron golem
   660 | D        | Noticed a crystal guardian
   661 | D        | Noticed a crystal guardian
   661 | D        | Noticed an iron golem
   665 | D        | Found a transporter.
   670 | D        | Killed a crystal guardian
   672 | D        | Killed a crystal guardian
   673 | D        | Killed an iron golem
   674 | D        | Killed an iron golem
   680 | D        | Killed an iron golem
   680 | D        | Reached XP level 12. HP: 57/82 MP: 21/21
   681 | D        | Killed a crystal guardian
   695 | D        | Killed Eustachio
   786 | D        | Entered arena 13.
   786 | D        | Noticed an eight-headed hydra
   788 | D        | Found a transporter.
   792 | D        | Killed a ten-headed hydra
   792 | D        | Reached skill level 10 in Dodging
   812 | D        | Entered arena 14.
   813 | D        | Noticed a green death
   813 | D        | Noticed a brown very ugly thing
   815 | D        | Gained mutation: Armour fits poorly on your strangely
                  | shaped body. [a neqoxec]
   816 | D        | Found a transporter.
   816 | D        | Gained mutation: You are dopey. (Int -2) [a neqoxec]
   821 | D        | Killed a brown very ugly thing
   821 | D        | Killed a green death
   823 | D        | Killed Nessos
   842 | D        | Killed Joseph
   843 | D        | Got Larghisa's Incunabulum of Translocation and Darkness
   848 | D        | Entered arena 15.
   849 | D        | Noticed an iron golem
   849 | D        | Noticed a crystal guardian
   849 | D        | Noticed an iron dragon
   849 | D        | Noticed an iron golem
   849 | D        | Noticed a crystal guardian
   849 | D        | Noticed an iron dragon
   849 | D        | Noticed an iron golem
   850 | D        | Noticed a crystal guardian
   850 | D        | Noticed an iron golem
   850 | D        | Noticed an iron golem
   851 | D        | Noticed an iron dragon
   854 | D        | Found a transporter.
   854 | D        | HP: 3/84 [crystal guardian/crystal bolt (38)]
   856 | D        | Killed from afar by a crystal guardian

Levels and vault maps discovered:
D:        sprint_v [room_start, room_1, room_2, room_3, room_4, room_5, room_6,
          room_7, room_8, room_9, room_10, room_11, room_12, room_13, room_14,
          room_15, room_16, room_17, room_18, room_19, room_20, room_21,
          room_22, room_23, room_24, room_25, room_26, room_27]

Skill      XL: |  1  2  3  4  5  6  7  8  9 10 11 12 |
---------------+-------------------------------------+-----
Fighting       | 4 5 6 7 8 9 10 11 12 13 | 13.4
Axes           | 3 4 5 6 7 8 9 10 11 | 11.4
Armour         | 4 5 6 7 8 9 10 11 12 13 | 13.4
Dodging        | 2 3 4 5 6 7 8 9 10 | 10.4
Shields        | 4 5 6 7 8 9 10 11 12 13 | 13.4
Invocations    | 2 4 5 6 7 8 9 10 12 13 | 13.0
Evocations     | 2 3 4 5 6 7 9 10 11 | 11.1

Action                   |  1- 3 |  4- 6 |  7- 9 | 10-12 || total
-------------------------+-------+-------+-------+-------++-------
Melee: Broad axe         |     3 |     4 |    16 |    65 ||    88
Invok: Greater Servant o |       |       |       |     8 ||     8
Evoke: Wand              |       |     2 |       |       ||     2
  Use: Potion            |     2 |       |     1 |     6 ||     9
 Stab: Distracted        |       |       |       |     1 ||     1
Armor: Plate armour      |     3 |     6 |     6 |    35 ||    50
Dodge: Dodged            |       |       |       |    23 ||    23
Block: Shield            |     5 |    12 |    34 |   143 ||   194
       Reflection        |       |       |       |    12 ||    12
